 Dungeon Crawl Stone Soup version 0.28-a0-1312-g71652a0310 (webtiles) character file.

Game seed: 4037318286330571532

1892 rogsnak the Conjurer (level 8, -2/57 HPs)
             Began as a Demonspawn Air Elementalist on Dec 27, 2021.
             Killed by nerve-wracking pain
             ... invoked by a shadow imp
              (10 damage)
             ... on level 6 of the Dungeon.
             The game lasted 00:09:40 (5833 turns).

rogsnak the Conjurer (Demonspawn Air Elementalist)  Turns: 5833, Time: 00:09:41

Health: -2/57      AC:  6    Str:  9    XL:     8   Next: 93%
Magic:  10/16      EV: 12    Int: 22    God:
Gold:   202        SH:  0    Dex: 13    Spells: 7/18 levels left

rFire   . . .      SeeInvis .   g - +8 mace "Suariopn" {freeze, rC+ Int+3}
rCold   + . .      Faith    .   (no shield)
rNeg    . . .      Spirit   .   a - +0 robe
rPois   .          Reflect  .   (helmet restricted)
rElec   .          Harm     .   (no cloak)
rCorr   .          Rampage  .   r - +0 pair of gloves
Will    .....                   (no boots)
Stlth   ++........              (no amulet)
HPRegen 0.19/turn               (no ring)
MPRegen 0.15/turn               (no ring)

@: no status effects
A: horns 1, molten scales 2, powered by death 1
a: no special abilities


You were on level 6 of the Dungeon.
You visited 1 branch of the dungeon, and saw 6 of its levels.

You collected 202 gold pieces.

Inventory:

Hand Weapons
 d - a +0 short sword
 g - the +8 mace "Suariopn" (weapon) {freeze, rC+ Int+3}
   (You found it on level 2 of the Dungeon)

   It freezes those it strikes, dealing additional cold damage.
   It can also slow down cold-blooded creatures.
   Int:       It affects your intelligence (+3).
   rC:        It protects you from cold.
Missiles
 s - 25 poisoned darts
Armour
 a - a +0 robe (worn)
 r - a +0 pair of gloves (worn)
Wands
 l - a wand of charming (7)
 u - a wand of mindburst (7)
 x - a wand of flame (6)
Scrolls
 b - 2 scrolls of fog {unknown}
 c - a scroll of magic mapping {unknown}
 e - a scroll of silence {unknown}
 h - a scroll of vulnerability {unknown}
 i - a scroll of immolation {unknown}
 m - a scroll of fear {unknown}
 n - a scroll of noise {unknown}
 p - a scroll of enchant weapon {unknown}
 q - 2 scrolls of identify {unknown}
 t - 2 scrolls of teleportation {unknown}
 v - a scroll of enchant armour {unknown}
Potions
 f - a potion of ambrosia {unknown}
 j - 2 potions of curing {unknown}
 k - a potion of heal wounds
 o - a potion of berserk rage {unknown}
 w - a potion of degeneration {unknown}


   Skills:
 + Level 2.8 Fighting
 + Level 2.8 Dodging
 - Level 1.7 Stealth
 + Level 5.7 Spellcasting
 * Level 7.1 Conjurations
 + Level 5.9 Air Magic


You had 7 spell levels left.
You knew the following spells:

 Your Spells              Type           Power      Damage    Failure   Level
a - Shock                 Conj/Air       100%       1d9       1%          1
b - Swiftness             Air            32%        N/A       2%          3
c - Airstrike             Air            16%        N/A       9%          4
d - Mephitic Cloud        Conj/Pois/Air  25%        N/A       4%          3

Your spell library contained the following spells:

 Spells                   Type           Power      Damage    Failure   Level
 Magic Dart               Conj           100%       1d8       1%          1
 Searing Ray              Conj           74%        2d7       1%          2
 Static Discharge         Conj/Air       34%        N/A       1%          2
 Call Imp                 Summ           6%         N/A       14%         2
 Sublimation of Blood     Necr           6%         N/A       14%         2
 Wereblood                Tmut           6%         N/A       14%         2
 Fulminant Prism          Conj/Hex       10%        3d9       22%         4
 Sticky Flame             Conj/Fire      21%        2d4       22%         4
 Inner Flame              Hex/Fire       6%         N/A       28%         3
 Cause Fear               Hex            3%         N/A       67%         4
 Dispel Undead            Necr           6%         3d8       67%         4
 Summon Hydra             Summ           3%         N/A       100%        7
 Discord                  Hex            3%         N/A       100%        8


Dungeon Overview and Level Annotations

Branches:
Dungeon (6/15)
 Temple: D:4-7

Altars:


Innate Abilities, Weirdness & Mutations

You have a pair of small horns on your head.
You are mostly covered in molten scales. (AC +3)
You regenerate a little health from kills.


Message History

Okay, then.
Casting: Shock (safe; 1% risk of failure)
Confirm with . or Enter, or press ? or * to list all spells.
Aiming: Shock (safe; 1% risk of failure)
Press: ? - help, Shift-Dir - straight line, f/p - Pikel
Aim: Pikel, wielding a +1 whip of freezing, wearing a +0 robe and carrying a wand of flame (6) (almost dead, 67% to hit)
Okay, then.
Casting: Shock (safe; 1% risk of failure)
Confirm with . or Enter, or press ? or * to list all spells.
Aiming: Shock (safe; 1% risk of failure)
Press: ? - help, Shift-Dir - straight line, f/p - Pikel
Aim: Pikel, wielding a +1 whip of freezing, wearing a +0 robe and carrying a wand of flame (6) (almost dead, 67% to hit)
The zap hits Pikel.
You kill Pikel!
The zap hits the lemure.
The lemure is almost dead.
The zap hits the lemure!
The lemure is heavily wounded.
The zap hits the lemure.
You kill the lemure!
That felt strangely unrewarding.
With Pikel's spell broken, his former minions thank you for their freedom.
The lemure departs this earthly plane. x2
Your Conjurations skill increases to level 7!
Unknown command.
x - a wand of flame (6)
Things that are here:
a +1 whip of freezing; a +0 robe; the kobold corpse of Pikel You start resting.
A shadow imp comes into view.
A shadow imp is nearby!
The shadow imp shouts!
Things that are here:
a +1 whip of freezing; a +0 robe; the kobold corpse of Pikel
Casting: Shock (safe; 1% risk of failure)
Confirm with . or Enter, or press ? or * to list all spells.
You don't know that spell.
The shadow imp gestures at you. Pain shoots through your body!
You die...

..# #.# #.#############
#####..[...5).....#
#..........#####..#
#......##### #..#
#.###.##########..####.
#.# #.#.....5...........
#.###.#@########...##..#
#.#...#.# #...# #
#.#.....# #...#
#.####[#...### ......
#..........# .......
#####...#.## ........
#.....#.# ....#..
#.#...#.# #.###.#.#


You could see a shadow imp.

Vanquished Creatures
  Pikel (D:6)
  A black bear (D:5)
  An ogre (D:4)
  2 lemures (D:6)
  A scorpion (D:4)
  A gnoll sergeant (D:5)
  4 water moccasin zombies (D:5)
  A water moccasin skeleton (D:5)
  A bullfrog zombie (D:5)
  2 centaur skeletons (D:5)
  A centaur zombie (D:5)
  3 orc priests
  4 hounds
  3 bullfrog skeletons (D:5)
  An iguana (D:5)
  Natasha (thrice) (D:2)
  2 orc wizards
  A killer bee zombie (D:5)
  2 hound skeletons
  2 hound zombies (D:5)
  A howler monkey zombie (D:5)
  6 adders
  8 gnolls
  An ufetubus (D:4)
  An adder skeleton (D:2)
  2 worms
  4 dart slugs
  12 orcs
  7 ball pythons
  9 endoplasms
  A giant cockroach (D:1)
  5 hobgoblins
  2 jackals (D:1)
  3 quokkas
  6 bats
  4 frilled lizards
  5 goblins
  5 kobolds
  4 rats
123 creatures vanquished.

Vanquished Creatures (others)
  3 withered plants (D:5)
3 creatures vanquished.

Grand Total: 126 creatures vanquished

Notes
Turn   | Place    | Note
-------+----------+-------------------------------------------
     0 | D:1      | rogsnak the Demonspawn Air Elementalist began the quest for
                  | the Orb.
     0 | D:1      | Reached XP level 1. HP: 13/13 MP: 3/3
   174 | D:1      | Gained mutation: You have a pair of small horns on your
                  | head. [demonic ancestry]
   174 | D:1      | Reached XP level 2. HP: 19/19 MP: 3/5
   595 | D:1      | Gained mutation: You are partially covered in molten
                  | scales. (AC +2) [demonic ancestry]
   595 | D:1      | Reached XP level 3. HP: 22/24 MP: 0/6
  1372 | D:2      | Identified the +8 mace "Suariopn" {freeze, rC+ Int+3}
  1578 | D:2      | Reached XP level 4. HP: 13/30 MP: 3/7
  2063 | D:2      | Noticed Natasha
  2071 | D:2      | Killed Natasha
  2072 | D:2      | Reached skill level 2 in Conjurations
  2284 | D:2      | Noticed Natasha
  2293 | D:2      | Killed Natasha
  2500 | D:2      | Noticed Natasha
  2506 | D:2      | Killed Natasha
  2507 | D:2      | Gained mutation: You regenerate a little health from kills.
                  | [demonic ancestry]
  2507 | D:2      | Reached XP level 5. HP: 30/35 MP: 5/9
  2718 | D:3      | Reached skill level 3 in Conjurations
  2789 | D:3      | Found a faded altar of an unknown god.
  3021 | D:3      | Reached skill level 1 in Fighting
  3021 | D:3      | Gained mutation: You are mostly covered in molten scales.
                  | (AC +3) [demonic ancestry]
  3021 | D:3      | Reached XP level 6. HP: 28/43 MP: 5/10
  3704 | D:4      | Reached skill level 4 in Conjurations
  3978 | D:4      | Reached XP level 7. HP: 48/48 MP: 8/13
  4025 | D:4      | Learned a level 3 spell: Swiftness
  4030 | D:4      | Learned a level 4 spell: Airstrike
  4034 | D:4      | Learned a level 3 spell: Mephitic Cloud
  4297 | D:5      | Entered Level 5 of the Dungeon
  4743 | D:5      | Reached skill level 5 in Conjurations
  4748 | D:5      | Reached skill level 5 in Air Magic
  5073 | D:5      | Reached XP level 8. HP: 55/55 MP: 12/15
  5333 | D:5      | Reached skill level 5 in Spellcasting
  5333 | D:5      | Reached skill level 6 in Conjurations
  5736 | D:6      | Identified the +0 chain mail "Xahihe" {Int+2}
  5782 | D:6      | Noticed Pikel
  5807 | D:6      | Killed Pikel
  5808 | D:6      | Reached skill level 7 in Conjurations
  5833 | D:6      | Killed from afar by a shadow imp

Illustrated notes

Levels and vault maps discovered:
D:1:      dpeg_arrival_simpleton_a, layout_rooms, serial_glass, glass_columns_c,
          glass_columns_b, minmay_vboxes
D:2:      layout_basic, serial_corexii_hall, chequers_hall_statues_y,
          chequers_hall_statues_wall_a, uniq_natasha
D:3:      layout_loops_ring, hellmonk_ecumenical_altar_slurped_away
D:4:      layout_rooms
D:5:      layout_loops_cross, serial_undead, serial_undead_d, serial_undead_b,
          serial_undead_c, serial_undead_e, serial_undead_c, serial_undead_f,
          serial_undead_f
D:6:      layout_loops_ring, serial_shops, nicolae_shop_advertising_works
          [nicolae_subvault_shop_adworks], chequers_serial_rivers_room_a,
          uniq_eustachio, uniq_pikel

Skill      XL: |  1  2  3  4  5  6  7  8 |
---------------+-------------------------+-----
Air Magic      | 3 4 5 |  5.9
Dodging        | 2 |  2.8
Conjurations   | 2 3 4 5 7 |  7.1
Spellcasting   | 3 4 5 |  5.7
Fighting       | 1 2 |  2.8
Stealth        | |  1.7

Action                   |  1- 3 |  4- 6 |  7- 9 || total
-------------------------+-------+-------+-------++-------
Melee: Unarmed           |     1 |       |       ||     1
       Short sword       |     1 |       |       ||     1
       Mace              |     8 |    21 |    63 ||    92
       Headbutt          |     1 |     1 |     8 ||    10
 Cast: Shock             |    68 |    94 |    94 ||   256
 Stab: Sleeping          |       |     1 |       ||     1
Armor: Robe              |     3 |     1 |    35 ||    39
Dodge: Dodged            |    12 |    16 |    68 ||    96

Table legend: (Time is in decaauts)
 A = Elapsed time spent in this place.
 B = Non-inter-level travel time spent in this place.
 C = Inter-level travel time spent in this place.
 D = Time resting spent in this place.
 E = Time spent auto-exploring this place.
 F = Levels seen in this place.
 G = Mean time per level.
                   A        B        C        D        E       F      G
               +--------+--------+--------+--------+--------+-----+--------+
         Total |   5869 |   5717 |    152 |    978 |   3770 |   6 |  978.2 |
       Dungeon |   5869 |   5717 |    152 |    978 |   3770 |   6 |  978.2 |
               +--------+--------+--------+--------+--------+-----+--------+

Top non-repeatable levels by time:
     D:5: 1421 daAuts
     D:1: 1337 daAuts
     D:2: 1316 daAuts
     D:3: 932 daAuts
     D:4: 723 daAuts
     D:6: 138 daAuts
